 Dungeon Crawl Stone Soup version 0.31-a0-187-gba352fbbf7 (webtiles) character file.

Game seed: 3268522146025503131

20380 senseless the Destroyer (level 12, 0/81 HPs)
             Began as a Demigod Conjurer on June 22, 2023.
             Slain by a white ugly thing (21 damage)
             ... on level 12 of the Dungeon on June 23, 2023.
             The game lasted 01:07:57 (14283 turns).

senseless the Destroyer (Demigod Conjurer)         Turns: 14283, Time: 01:07:58

Health: 0/81       AC: 15    Str: 12    XL:     12   Next: 16%
Magic:  11/29      EV: 18    Int: 38    God:
Gold:   988        SH:  0    Dex: 17    Spells: 11/29 levels left

rFire   . . .        a - +5 short sword (protect)
rCold   . . .        (no shield)
rNeg    + . .        K - +0 steam dragon scales
rPois   .            u - +1 helmet
rElec   +            A - +0 cloak
rCorr   .            (no gloves)
SInv    .            H - +2 pair of boots {Fly}
Will    +....        i - amulet of the Enchanting Saviour {RegenMP Regen+ Str+4 Int+2}
Stlth   ++           B - +4 ring of protection
HPRegen 1.13/turn    c - ring "Pilyar" {rElec rN+ Dex+5}
MPRegen 0.61/turn

%: no passive effects
@: flying
A: high MP 1, forlorn, divine attributes
a: no special abilities


You were on level 12 of the Dungeon.
You visited 1 branch of the dungeon, and saw 12 of its levels.
You also visited: Ossuary and Bailey.

You collected 1140 gold pieces.
You spent 152 gold pieces at shops.

Inventory:

Hand Weapons
 a - a +5 short sword of protection (weapon)
Missiles
 r - a throwing net
Armour
 l - a +1 robe of cold resistance
 u - a +1 helmet (worn)
 A - a +0 cloak (worn)
 H - a +2 pair of boots of flying (worn)
 K - +0 steam dragon scales (worn)
Jewellery
 c - the ring "Pilyar" (right hand) {rElec rN+ Dex+5}
   (You acquired it on level 2 of the Dungeon)

   [ring of positive energy]

   Dex:       It affects your dexterity (+5).
   rElec:     It insulates you from electricity.
   rN:        It protects you from negative energy.
 d - a +6 ring of dexterity
 i - the amulet of the Enchanting Saviour (around neck) {RegenMP Regen+ Str+4 Int+2}
   (You acquired it on level 6 of the Dungeon)

   [amulet of magic regeneration]

   It increases your rate of magic regeneration.
   Str:       It affects your strength (+4).
   Int:       It affects your intelligence (+2).
   Regen:     It increases your rate of health regeneration.
 o - a +6 ring of strength
 B - a +4 ring of protection (left hand)
 E - a ring of fire
 F - a ring of fire
Wands
 b - a wand of mindburst (16)
 h - a wand of roots (6)
 y - a wand of flame (38)
 G - a wand of charming (26)
 L - a wand of digging (5)
Scrolls
 k - 11 scrolls of teleportation
 p - 2 scrolls of poison
 q - a scroll of immolation
 C - a scroll of silence
 M - 6 scrolls of identify
Potions
 e - 5 potions of curing
 f - 2 potions of cancellation
 g - a potion of berserk rage
 j - a potion of heal wounds
 m - 3 potions of attraction
 n - 2 potions of brilliance
 s - a potion of ambrosia
 v - 3 potions of might
 w - a potion of mutation
 x - 2 potions of resistance
 z - 2 potions of haste
 D - 3 potions of enlightenment
 J - a potion of invisibility
Miscellaneous
 t - a tin of tremorstones (2/2)
 I - a phial of floods


   Skills:
 + Level 10.3 Dodging
 - Level 1.7 Stealth
 + Level 9.4 Spellcasting
 + Level 10.7 Conjurations
 + Level 7.8 Hexes
 + Level 2.9 Fire Magic


You had 11 spell levels left.
You knew the following spells:

 Your Spells              Type           Power      Damage    Failure   Level
a - Magic Dart            Conj           100%       1d8       1%          1
b - Searing Ray           Conj           100%       2d8       1%          2
c - Dazzling Flash        Conj/Hex       100%       N/A       1%          3
d - Fulminant Prism       Conj/Hex       36%        3d18      1%          4
e - Iskenderun's Mystic   Conj/Tloc      56%        2d12      2%          4
f - Flame Wave            Conj/Fire      63%        2d15      1%          4

Your spell library contained the following spells:

 Spells                   Type           Power      Damage    Failure   Level
 Shock                    Conj/Air       100%       1d9       1%          1
 Inner Flame              Hex/Fire       56%        N/A       1%          3
 Sticky Flame             Conj/Fire      63%        2d8       1%          4
 Blink                    Tloc           34%        N/A       3%          2
 Cigotuvi's Dreadful Rot  Necr/Pois/Air  34%        N/A       3%          2
 Volatile Blastmotes      Fire/Tloc      58%        2d14      3%          3
 Swiftness                Air            17%        N/A       6%          3
 Silence                  Hex/Air        23%        N/A       12%         5
 Starburst                Conj/Fire      31%        6d10      21%         6
 Airstrike                Air            8%         2d(2-18)  22%         4
 Dispel Undead            Necr           17%        3d10      22%         4
 Manifold Assault         Tloc           17%        N/A       22%         4
 Passage of Golubria      Tloc           17%        N/A       22%         4
 Lee's Rapid Deconstruct  Erth           8%         3d7*      52%         5
 Death Channel            Necr           8%         N/A       97%         6
 Storm Form               Tmut/Air       8%         N/A       100%        7
 Lehudib's Crystal Spear  Conj/Erth      28%        10d7      100%        8


Dungeon Overview and Level Annotations

Branches:
Dungeon (12/15)            Temple (0/1) D:5            Lair (0/5) D:9
    Orc (0/2) D:12        Ossuary (visited)          Bailey (visited)

Shops:
D:2 =   D:3 [   D:5 [   D:9 [

Annotations:
D:8 2 transporters, Maurice
D:9 1 runed translucent door, sastreii's ghost, novice GnRe


Innate Abilities, Weirdness & Mutations

You have an increased reservoir of magic. (+10% MP)
You shall have no god before yourself.
Your divine heritage dramatically boosts your attributes as you level up.


Message History

The boulder beetle is heavily wounded.
The boulder beetle is knocked back by the mystic blast.
Casting: Iskenderun's Mystic Blast (dangerous; 2% risk of failure)
Confirm with . or Enter, or press ? or * to list all spells.
You erupt in a blast of force!
The mystic blast hits the boulder beetle!!
The boulder beetle is severely wounded.
The boulder beetle is knocked back by the mystic blast.
Casting: Iskenderun's Mystic Blast (dangerous; 2% risk of failure)
Confirm with . or Enter, or press ? or * to list all spells.
Aiming: Searing Ray (safe; 1% risk of failure)
Press: ? - help, Shift-Dir - straight line, f - boulder beetle
Aim: a boulder beetle (severely wounded, 100% to hit)
The searing ray hits the boulder beetle but does no damage.
The boulder beetle is severely wounded. (Press . to maintain the ray.)
The boulder beetle leaps!
The boulder beetle curls into a ball and begins rolling!
The searing ray hits the boulder beetle!
The boulder beetle is almost dead.
You finish channelling your searing ray.
Casting: Searing Ray (safe; 1% risk of failure)
Confirm with . or Enter, or press ? or * to list all spells.
Casting: Flame Wave (mildly dangerous; 1% risk of failure)
Press: ? - help, Dir - look around, f - activate A wave of flame ripples out!
The flame wave engulfs the white ugly thing!
The white ugly thing is lightly wounded. (Press . to intensify the flame waves.)
The white ugly thing barely misses you. The boulder beetle hits you!!
The boulder beetle stops rolling and uncurls.
A wave of flame ripples out!
The flame wave engulfs the boulder beetle.
The boulder beetle is almost dead.
The flame wave engulfs the white ugly thing!
The white ugly thing is moderately wounded.
The white ugly thing headbutts you!
* * * LOW HITPOINT WARNING * * *
The white ugly thing freezes you!!
You die...

#..........#...#....
#####.########......
#.# ###.... #.#
##### ###.# ###
#...# #.. #.### #.#
###'####### #.
#..@B°..... ####
+[.u)...... #.##
#....>..... ##..
#.......... #.)#
#.......... ##..
#.......... #.#
#.......... ###
##.######## # ###


You could see a boulder beetle and a white ugly thing.

Vanquished Creatures
  6 two-headed ogres
  A vampire mage (D:10)
  Amaemon (D:8)
  Pikel (D:7)
  2 ugly things
  A cyclops (D:11)
  2 gargoyles (D:10)
  Maggie (D:8)
  An orange demon (D:8)
  An unseen horror (D:10)
  Psyche (D:12)
  2 kobold demonologists (D:11)
  4 trolls
  A meliai zombie (D:11)
  6 slime creatures (D:10)
  3 shadows
  Eustachio (D:6)
  A wraith (D:10)
  15 yaks
  5 steam dragons
  Grum (D:8)
  2 vampire mosquitoes (D:11)
  Menkaure (D:7)
  A warg (D:12)
  An acid dragon (D:10)
  2 water moccasins
  9 orc warriors
  2 ogres
  2 wolves (D:8)
  5 centaurs
  3 lemures (D:7)
  A phantom (D:5)
  3 bullfrogs (D:7)
  2 elf zombies (Ossuary)
  4 kobold brigands
  Blork the orc (D:6)
  2 scorpions
  2 gnoll sergeants (D:10)
  6 wights
  22 killer bees
  4 howler monkeys
  8 crimson imps (D:7)
  2 human zombies (Ossuary)
  Crazy Yiuf (D:6)
  5 orc priests
  3 hounds
  2 sleepcaps
  Terence (D:3)
  4 gnoll boudas
  6 orc wizards
  Ijyb (D:3)
  3 iguanas (D:5)
  A mummy (Ossuary)
  A howler monkey zombie (D:11)
  21 gnolls
  8 adders
  A shadow imp (D:5)
  2 white imps
  An adder zombie (Ossuary)
  2 worms
  2 dart slugs
  29 orcs
  3 bats
  7 endoplasms
  7 giant cockroaches
  15 goblins
  14 hobgoblins
  5 quokkas
  9 ball pythons
  8 frilled lizards
  2 goblin zombies (Ossuary)
  12 hobgoblin zombies (Ossuary)
  2 jackal zombies (Ossuary)
  25 kobolds
  4 kobold zombies (Ossuary)
  9 orc zombies (Ossuary)
  6 rats
  2 rat zombies (Ossuary)
366 creatures vanquished.

Vanquished Creatures (others)
  46 fulminant prisms
46 creatures vanquished.

Grand Total: 412 creatures vanquished

Notes
Turn   | Place    | Note
-------+----------+-------------------------------------------
     0 | D:1      | senseless the Demigod Conjurer began the quest for the Orb.
     0 | D:1      | Reached XP level 1. HP: 14/14 MP: 5/5
   367 | D:1      | Reached XP level 2. HP: 20/20 MP: 5/7
  1369 | D:2      | Learned a level 2 spell: Searing Ray
  1371 | D:2      | Found Jyuklouf's Jewellery Emporium.
  1561 | D:2      | Reached XP level 3. HP: 26/26 MP: 2/9
  1744 | D:2      | Learned a level 3 spell: Dazzling Flash
  2533 | D:2      | Reached XP level 4. HP: 33/33 MP: 5/10
  2716 | D:2      | Identified a scroll of acquirement
  2716 | D:2      | Acquired the ring "Pilyar" {rElec rN+ Dex+5}
  3115 | D:3      | Noticed Terence
  3123 | D:3      | Killed Terence
  3319 | D:3      | Noticed Ijyb
  3332 | D:3      | Killed Ijyb
  3333 | D:3      | Reached XP level 5. HP: 4/38 MP: 7/12
  3733 | D:3      | Found Ysem's Armour Shop.
  3922 | D:3      | Learned a level 4 spell: Fulminant Prism
  4463 | D:4      | Reached XP level 6. HP: 45/45 MP: 5/14
  4602 | D:4      | Reached skill level 5 in Conjurations
  5207 | D:5      | Entered Level 5 of the Dungeon
  5207 | D:5      | Found Odesiu's Armour Boutique.
  5248 | D:5      | Bought a +1 robe of cold resistance for 152 gold pieces
  5560 | D:5      | Reached XP level 7. HP: 47/50 MP: 8/16
  5647 | D:5      | Found a staircase to the Ecumenical Temple.
  6133 | D:5      | Reached skill level 5 in Dodging
  6992 | D:6      | Found a sand-covered staircase.
  7000 | Ossuary  | Entered an ossuary
  7343 | Ossuary  | Reached skill level 5 in Spellcasting
  7343 | Ossuary  | Reached XP level 8. HP: 57/57 MP: 7/19
  7775 | D:6      | Noticed Blork the orc
  7778 | D:6      | Killed Blork the orc
  7906 | D:6      | Acquired the amulet of the Enchanting Saviour {RegenMP
                  | Regen+ Str+4 Int+2}
  8045 | D:6      | Found a runed translucent door.
  8046 | D:6      | Noticed Crazy Yiuf
  8069 | D:6      | Identified the +0 rapier "Musealul" {flame, rC- rN++ Str+5}
  8149 | D:6      | Learned a level 4 spell: Iskenderun's Mystic Blast
  8166 | D:6      | Noticed Eustachio
  8294 | D:6      | Killed Eustachio
  8647 | D:6      | Killed Crazy Yiuf
  8742 | D:7      | Noticed Menkaure
  8749 | D:7      | Killed Menkaure
  8750 | D:7      | Reached skill level 1 in Hexes
  8766 | D:7      | Noticed Pikel
  8779 | D:7      | Reached XP level 9. HP: 62/62 MP: 13/21
  9014 | D:7      | Found a flagged portal.
  9038 | Bailey   | Entered a bailey
  9147 | Bailey   | Identified the +0 ring mail "Toh Oril" {Will+ Dex+4}
  9412 | D:7      | Killed Pikel
  9897 | D:8      | Noticed Maggie
  9907 | D:8      | Killed Maggie
  9921 | D:8      | Noticed Amaemon
  9928 | D:8      | Noticed an orange demon
  9937 | D:8      | Killed Amaemon
  9938 | D:8      | Reached XP level 10. HP: 43/69 MP: 6/24
 10016 | D:8      | Noticed a centaur warrior
 10016 | D:8      | Noticed Maurice
 10017 | D:8      | Noticed a five-headed hydra
 10022 | D:8      | Found a transporter.
 10046 | D:8      | Noticed Grum
 10072 | D:8      | Killed Grum
 10125 | D:8      | Found a transporter.
 10513 | D:8      | Reached skill level 5 in Hexes
 10638 | D:9      | Noticed a two-headed ogre
 10868 | D:9      | Killed a two-headed ogre
 10945 | D:9      | Found a staircase to the Lair.
 11123 | D:9      | Found Figiz's Armour Shop.
 11404 | D:9      | Reached XP level 11. HP: 63/74 MP: 22/27
 11636 | D:9      | Found a runed translucent door.
 11639 | D:9      | Noticed sastreii's ghost (novice GnRe)
 11660 | D:10     | Entered Level 10 of the Dungeon
 12074 | D:10     | Noticed a two-headed ogre
 12082 | D:10     | Killed a two-headed ogre
 12083 | D:10     | Reached skill level 10 in Conjurations
 12295 | D:10     | Noticed a two-headed ogre
 12326 | D:10     | Killed a two-headed ogre
 12431 | D:10     | Noticed a vampire mage
 12447 | D:10     | Killed a vampire mage
 12504 | D:10     | Learned a level 4 spell: Flame Wave
 13256 | D:11     | Reached skill level 1 in Fire Magic
 13259 | D:11     | Noticed a sun demon
 13450 | D:11     | Reached skill level 10 in Dodging
 13632 | D:11     | Noticed a two-headed ogre
 13641 | D:11     | Killed a two-headed ogre
 14005 | D:12     | Reached XP level 12. HP: 78/81 MP: 21/29
 14136 | D:12     | Found a staircase to the Orcish Mines.
 14187 | D:12     | Noticed Psyche
 14190 | D:12     | Killed Psyche
 14267 | D:12     | Noticed a boulder beetle
 14283 | D:12     | Slain by a white ugly thing

Illustrated notes

Levels and vault maps discovered:
D:1:      onia_arrival_mini_maze, layout_loops_corners, minmay_lizard_pond
D:2:      layout_loops_corners, serial_shops, shop, minivault_26
D:3:      layout_loops_ring, serial_shops,
          nicolae_shop_temple_entry_statues_fountains, uniq_ijyb, uniq_terence
D:4:      cheibrodos_old_hovel, layout_layer_cave, makhleb_heckhound_becter
D:5:      layout_loops_corners, minmay_temple_entry_statues_pillars,
          serial_shops, shop_coins, water_boxes_lemuel
D:6:      layout_basic, enter_ossuary_1, uniq_blork_the_orc, uniq_eustachio,
          uniq_crazy_yiuf_cottage
D:7:      layout_rooms, enter_bailey_5, chequers_serial_rivers_room_b,
          minmay_nine_imps, uniq_menkaure, uniq_pikel
D:8:      gammafunk_sealed_arena, layout_loops_cross, minmay_misc_feat_encased,
          uniq_maggie, uniq_grum, uniq_maurice, uniq_amaemon
D:9:      layout_loops_ring, mainiacjoe_overflow_divided_tiny,
          mainiacjoe_overflow_small_starburst, mainiacjoe_overflow_alcove_2,
          gammafunk_temple_overflow_statue, lair_entry_dummy, serial_shops,
          kennysheep_mini_moat, ebering_ghost_reflecting_pool,
          chequers_serial_rivers_small_3, chequers_garden,
          chequers_serial_rivers_micro_d
D:10:     cheibrodos_barr_body, layout_small_grid, elyvilon_altar_1,
          minmay_librarian
D:11:     layout_basic, lemuel_zombie_altar_yredelemnul
D:12:     layout_roguey, erik_orc_3, serial_shops, nicolae_shop_tiny_glass,
          uniq_psyche

Skill      XL: |  1  2  3  4  5  6  7  8  9 10 11 |
---------------+----------------------------------+-----
Dodging        | 2 3 4 5 6 8 10 | 10.3
Spellcasting   | 2 3 4 5 6 7 8 9 |  9.4
Conjurations   | 4 5 6 7 8 9 10 | 10.7
Hexes          | 1 4 5 7 |  7.8
Fire Magic     | 2 |  2.9
Stealth        | |  1.7

Action                     |  1- 3 |  4- 6 |  7- 9 | 10-12 || total
---------------------------+-------+-------+-------+-------++-------
  Melee: Dagger            |       |     7 |       |       ||     7
         Short sword       |       |     1 |    20 |    17 ||    38
   Cast: Magic Dart        |    97 |   122 |   222 |   202 ||   643
         Searing Ray       |     1 |    16 |    63 |    81 ||   161
         Fulminant Prism   |       |     1 |    17 |    28 ||    46
         Iskenderun's Myst |       |       |     1 |    26 ||    27
         Flame Wave        |       |       |       |     5 ||     5
         Dazzling Flash    |       |       |       |     1 ||     1
    Use: Scroll            |     6 |    16 |     7 |     4 ||    33
         Potion            |       |     1 |     3 |     1 ||     5
   Stab: Sleeping          |       |     1 |       |       ||     1
 Armour: Robe              |     1 |     1 |    19 |       ||    21
         Steam dragon scal |       |       |    12 |    80 ||    92
  Dodge: Dodged            |    11 |    23 |   108 |   277 ||   419

Table legend: (Time is in decaauts)
 A = Elapsed time spent in this place.
 B = Non-inter-level travel time spent in this place.
 C = Inter-level travel time spent in this place.
 D = Time resting spent in this place.
 E = Time spent auto-exploring this place.
 F = Levels seen in this place.
 G = Mean time per level.
                   A        B        C        D        E       F      G
               +--------+--------+--------+--------+--------+-----+--------+
         Total |  14293 |  13959 |    334 |    371 |  11171 |  14 | 1020.9 |
       Dungeon |  13183 |  12849 |    334 |    313 |  10481 |  12 | 1098.6 |
       Ossuary |    759 |    759 |      0 |     58 |    477 |   1 |  759.0 |
        Bailey |    350 |    350 |      0 |      0 |    213 |   1 |  350.0 |
               +--------+--------+--------+--------+--------+-----+--------+

Top non-repeatable levels by time:
     D:5: 1871 daAuts
     D:2: 1382 daAuts
     D:1: 1334 daAuts
     D:3: 1308 daAuts
    D:11: 1184 daAuts
     D:4: 1180 daAuts
    D:10: 1034 daAuts
     D:9: 1022 daAuts
     D:8: 911 daAuts
     D:6: 853 daAuts
     D:7: 790 daAuts
 Ossuary: 759 daAuts
  Bailey: 350 daAuts
    D:12: 307 daAuts
